 Dungeon Crawl Stone Soup version 0.28-a0-43-g560ac104fe (webtiles) character file.

Game seed: 7567454334752341187

1 rednaxela the Grave Robber (level 1, 0/14 HPs)
             Began as a Ghoul Necromancer on July 28, 2021.
             Hit by a stone thrown by a kobold (1 damage)
             ... on level 1 of the Dungeon.
             The game lasted 00:00:40 (194 turns).

rednaxela the Grave Robber (Ghoul Necromancer)       Turns: 194, Time: 00:00:41

Health: 0/14       AC:  2    Str: 11    XL:     1   Next: 20%
Magic:  2/2        EV: 12    Int: 10    God:
Gold:   14         SH:  0    Dex:  9    Spells: 2/3 levels left

rFire   . . .      SeeInvis .   (no weapon)
rCold   + . .      Faith    .   (no shield)
rNeg    + + +      Spirit   .   a - +0 robe
rPois   ∞          Reflect  .   (no helmet)
rElec   .          Harm     .   (no cloak)
rCorr   .          Rampage  .   (no gloves)
Will    .....                   (no boots)
Stlth   ++........              (no amulet)
HPRegen 0.00/turn               (no ring)
MPRegen 0.08/turn               (no ring)

@: inhibited regen
A: claws 1, cold resistance 1, negative energy resistance 3, inhibited
regeneration, torment resistance 2
a: no special abilities


You were on level 1 of the Dungeon.
You visited 1 branch of the dungeon, and saw 1 of its levels.

You collected 14 gold pieces.

Inventory:

Missiles
 e - 2 boomerangs
Armour
 a - a +0 robe (worn)
 d - a +0 ring mail
   (You found it on level 1 of the Dungeon)
Scrolls
 b - a scroll of magic mapping {unknown}
Potions
 c - a potion of brilliance {unknown}


   Skills:
 - Level 1.7 Dodging
 - Level 2.1 Stealth
 + Level 0.4 Unarmed Combat
 - Level 1.7 Spellcasting
 - Level 4.0 Necromancy


You had 2 spell levels left.
You knew the following spells:

 Your Spells              Type           Power      Damage    Failure   Level
a - Pain                  Necr           32%        1d5       6%          1

Your spell library contained the following spells:

 Spells                   Type           Power      Damage    Failure   Level
 Animate Skeleton         Necr           16%        N/A       6%          1
 Vampiric Draining        Necr           4%         2d6       19%         3
 Animate Dead             Necr           4%         N/A       52%         4
 Agony                    Necr           8%         N/A       86%         5


Dungeon Overview and Level Annotations

Branches:
Dungeon (1/15)

Altars:


Innate Abilities, Weirdness & Mutations

You thrive by killing the living.
You are immune to poison.
You have sharp fingernails.
Your flesh is cold resistant. (rC+)
You are immune to negative energy. (rN+++)
You do not regenerate when monsters are visible.
You are immune to unholy pain and torment.


Message History

You add the spells Pain, Animate Skeleton, Vampiric Draining, Animate Dead and Agony to your library.
Welcome, rednaxela the Ghoul Necromancer.
The bosom of this dungeon contains the awesome artefact, the Orb of Zot.
Press ? for a list of commands and other information.
Found a staircase leading out of the dungeon.
You open the door.
There is an open door here.
You open the door.
There is an open door here.
You open the door.
There is an open door here.
You open the gate.
There is an open gate here.
b - a scroll labelled MESUKKETATT You now have 14 gold pieces.
Found an escape hatch in the floor.
Found a stone staircase leading down.
There is an escape hatch in the floor here.
c - an inky potion
Found a stone staircase leading down.
There is a stone staircase leading down here.
A ball python comes into view.
Found 17 gold pieces, a ring mail and 19 sling bullets.
No target in range!
The helpless ball python fails to defend itself.
You scratch the ball python.
The ball python is moderately wounded.
The ball python barely misses you. x2
You scratch the ball python.
You kill the ball python!
A kobold comes into view. It is wielding a +2 whip of venom.
You see here a +0 ring mail.
d - a +0 ring mail
Found 19 gold pieces.
You see here 19 sling bullets.
A kobold comes into view. It is wielding a +0 whip.
The kobold shouts!
Found 13 stones.
The kobold throws a stone.
The stone closely misses you.
You open the door.
Found 2 boomerangs.
Found 19 stones.
There is an open door here.
As you close the door, it creaks loudly!
You see here 2 boomerangs.
e - 2 boomerangs A kobold opens the door.
You closely miss the kobold. The kobold hits you with a +0 whip.
You barely miss the kobold. The kobold hits you with a +0 whip.
* * * LOW HITPOINT WARNING * * *
You are too injured to fight recklessly!
You closely miss the kobold. The kobold hits you with a +0 whip.
* * * LOW HITPOINT WARNING * * *
You scratch the kobold but do no damage.
The kobold hits you but does no damage.
You barely miss the kobold. The kobold hits you with a +0 whip.
* * * LOW HITPOINT WARNING * * *
The kobold throws a stone.
The stone closely misses you.
The kobold throws a stone.
The stone hits you.
You die...

........#...# ........'...#
........#...# #+#.#+###...#
#.#(#.# #...# #.#.#.# #...#
#K#.#.# #...##
#.#.#.###....####################
#.#.#........K..@................
...................>#############
#.#.#.######.######.# ..#.#.#
#.## #.# ..#†#.# #..# #.# ..#.#.#
##.## #.# ..#.#.# #..# #.#
..#.#.########.####.#######
....#......................


You could see a kobold.

Vanquished Creatures
  A ball python (D:1)
1 creature vanquished.

Notes
Turn   | Place    | Note
-------+----------+-------------------------------------------
     0 | D:1      | rednaxela the Ghoul Necromancer began the quest for the
                  | Orb.
     0 | D:1      | Reached XP level 1. HP: 14/14 MP: 2/2
   194 | D:1      | Hit by a stone thrown by a kobold

Illustrated notes

Levels and vault maps discovered:
D:1:      scummos_arrival_gate, layout_basic

Action                   || total
-------------------------++-------
Melee: Unarmed           ||     7
 Stab: Sleeping          ||     1
Armor: Robe              ||     1
Dodge: Dodged            ||     4

Table legend: (Time is in decaauts)
 A = Elapsed time spent in this place.
 B = Non-inter-level travel time spent in this place.
 C = Inter-level travel time spent in this place.
 D = Time resting spent in this place.
 E = Time spent auto-exploring this place.
 F = Levels seen in this place.
 G = Mean time per level.
                   A        B        C        D        E       F      G
               +--------+--------+--------+--------+--------+-----+--------+
         Total |    193 |    193 |      0 |      0 |    143 |   1 |  193.0 |
       Dungeon |    193 |    193 |      0 |      0 |    143 |   1 |  193.0 |
               +--------+--------+--------+--------+--------+-----+--------+

Top non-repeatable levels by time:
     D:1: 193 daAuts
